 Dungeon Crawl Stone Soup version 0.24-a0-715-g0b739ee41d (webtiles) character file.

Game seed: 11182381223165712290, levelgen mode: deterministic

549 Marnok the Covert (level 7, -3/46 HPs)
             Began as an Octopode Assassin on Sept 30, 2019.
             Slain by a hornet zombie (11 damage)
             ... on level 4 of the Dungeon.
             The game lasted 00:13:13 (2763 turns).

Marnok the Covert (Octopode Assassin)               Turns: 2763, Time: 00:13:13

Health: -3/46      AC:  1    Str: 10 (12) XL:     7   Next: 28%
Magic:  7/7        EV: 13    Int: 10 (13) God:
Gold:   142        SH:  4    Dex: 17 (18) Spells: 6/6 levels left

rFire    . . .     SeeInvis .   p - +4 hand axe of Ointment {chop, Dex+4}
rCold    . . .     Gourm    +   m - +0 buckler
rNeg     . . .     Faith    .   (helmet restricted)
rPois    .         Spirit   .   o - amulet of the gourmand
rElec    .         Reflect  .   (no ring)
rCorr    .         Harm     .   (no ring)
MR       .....                  (no ring)
Stlth    +++++.....             (no ring)
HPRegen  0.15/turn              (no ring)
MPRegen  0.10/turn              (no ring)
                                (no ring)
                                (no ring)

@: no status effects
A: almost no armour, stealthy swim, amphibious, 8 rings, constrict 8, camouflage
1, gelatinous body 1
a: no special abilities


You were on level 4 of the Dungeon.
You were full.

You visited 1 branch of the dungeon, and saw 6 of its levels.

You collected 191 gold pieces.
You spent 49 gold pieces at shops.

Inventory:

Hand Weapons
 a - a +2 dagger
 g - a +2 short sword of venom
 p - the +4 hand axe of Ointment (weapon) {chop, Dex+4}
   (You found it on level 5 of the Dungeon)

   It inflicts extra damage upon your enemies.
   It affects your dexterity (+4).
Missiles
 b - 26 poisoned darts (quivered)
 c - 2 curare-tipped darts
Armour
 m - a +0 buckler (worn)
Jewellery
 l - an uncursed ring of protection from fire
 o - an amulet of the gourmand (around mantle)
Wands
 n - a wand of polymorph (5)
Scrolls
 e - a scroll of teleportation
 f - a scroll of fear {unknown}
 h - 4 scrolls of identify
 j - a scroll of fog
 k - a scroll of blinking
Potions
 i - a potion of lignification
Comestibles
 d - 4 rations


   Skills:
 + Level 3.0 Fighting
 + Level 3.4 Short Blades
 + Level 0.4 Axes
 + Level 4.7 Throwing
 + Level 2.0 Dodging
 + Level 8.2 Stealth


You had 6 spell levels left.
You didn't know any spells.
Your spell library was empty.

Dungeon Overview and Level Annotations

Branches:
Dungeon (6/15)
 Temple: D:4-7

Altars:
Ashenzari
Ru
Xom

Shops:
D:4 [


Innate Abilities, Weirdness & Mutations

You cannot wear most types of armour.
You are very stealthy in the water. (Stealth+)
You are amphibious.
You can wear up to eight rings at the same time.
You can use your tentacles to constrict eight enemies at once.
Your skin changes colour to match your surroundings (Stealth+).
Your rubbery body absorbs attacks. (AC +1, EV +1)


Message History

Keep equipping yourself?
You start putting on your armour.
You continue putting on your +0 buckler. x4
You finish putting on your +0 buckler.
The hornet zombie closely misses you. The hornet zombie hits you.
The hornet zombie hits you.
You see here 9 gold pieces.
You hit the hornet zombie but do no damage.
You grab the hornet zombie. You constrict the hornet zombie.
The hornet zombie hits you! The hornet zombie closely misses you.
You completely miss the hornet zombie.
The hornet zombie is lightly damaged.
You constrict the hornet zombie. The hornet zombie hits you!
You hit the hornet zombie.
The hornet zombie is moderately damaged.
You constrict the hornet zombie. The hornet zombie hits you!
* * * LOW HITPOINT WARNING * * *
The hornet zombie hits you!
You die...

.........#
.........## ##
.......... .#
#......###.#.#
#......#...#.#
#....8.8.8.#.# #
#.....⌠.⌠..#)# ..
#....8.∩.8...##.#
#@Z...⌠.⌠.......#
##.##8.8.8...#####
#.####...........
#.. #...........
#### #...........
#...........
#...........
#...........
#...........


You could see a hornet zombie.

Vanquished Creatures
  Sigmund (D:3)
  A phantom (D:4)
  A howler monkey (D:4)
  An orc wizard (D:4)
  A hound (D:4)
  Ijyb (D:5)
  Terence (D:2)
  A hound skeleton (D:4)
  5 adders
  An adder skeleton (D:4)
  3 worms (D:2)
  A dart slug (D:2)
  3 leopard geckos
  9 orcs
  6 bats
  2 giant cockroaches
  6 goblins
  2 hobgoblins
  2 jackals (D:4)
  6 kobolds
  2 quokkas
  2 ball pythons
  3 frilled lizards
  A leopard gecko skeleton (D:4)
  9 rats
71 creatures vanquished.

Notes
Turn   | Place    | Note
-------+----------+-------------------------------------------
     0 | D:1      | Marnok the Octopode Assassin began the quest for the Orb.
     0 | D:1      | Reached XP level 1. HP: 14/14 MP: 1/1
   249 | D:1      | Reached XP level 2. HP: 17/19 MP: 2/2
   698 | D:2      | Reached skill level 6 in Stealth
   698 | D:2      | Reached XP level 3. HP: 22/24 MP: 3/3
   962 | D:2      | Noticed Terence
   970 | D:2      | Killed Terence
   970 | D:2      | Reached XP level 4. HP: 22/29 MP: 4/4
  1113 | D:2      | Reached skill level 7 in Stealth
  1943 | D:3      | Noticed Sigmund
  1948 | D:3      | Found a shimmering altar of Xom.
  1954 | D:3      | Killed Sigmund
  1954 | D:3      | Reached XP level 5. HP: 23/35 MP: 5/5
  1954 | D:3      | Reached XP level 6. HP: 27/41 MP: 6/6
  2282 | D:5      | Entered Level 5 of the Dungeon
  2359 | D:3      | Found a sacrificial altar of Ru.
  2430 | D:5      | Noticed Ijyb
  2431 | D:5      | Killed Ijyb
  2445 | D:5      | Got a crude hand axe
  2453 | D:5      | Identified the +4 hand axe of Ointment {chop, Dex+4} (You
                  | found it on level 5 of the Dungeon)
  2587 | D:4      | Found a shattered altar of Ashenzari.
  2613 | D:4      | Reached skill level 8 in Stealth
  2613 | D:4      | Reached XP level 7. HP: 38/45 MP: 7/7
  2738 | D:4      | Found Neboyts's Armour Emporium.
  2747 | D:4      | Bought a +0 buckler for 49 gold pieces
  2763 | D:4      | Slain by a hornet zombie

Levels and vault maps discovered:
D:1:      minmay_arrival_five_plusses, layout_rooms, serial_forest,
          infiniplex_forest_end_1, infiniplex_forest_end_3,
          infiniplex_forest_zigzag_1, infiniplex_forest_join,
          infiniplex_forest_corner_1, minmay_quantized
D:2:      layout_loops_cross, grunt_ministairs_10, uniq_terence
D:3:      layout_basic, overflow_temple_1_default, lemuel_round_altar,
          old_standard_altar, first_ration, nicolae_ru_path_of_blood,
          uniq_sigmund
D:4:      layout_basic, grunt_dithmenos_smoke_and_mirrors, serial_shops,
          nicolae_shop_temple_entry_statues_fountains, chequers_mini_garden,
          nicolae_ashenzari_panopticon
D:5:      black_bear_nest_1, layout_basic, kennysheep_little_box, uniq_ijyb
D:6:      layout_cave_pools, serial_shops, nicolae_shop_trees, shop, shop,
          minmay_misc_feat_columns, serial_bayou_pond_a, minmay_fire_ice_demons

Skill      XL: |  1  2  3  4  5  6  7 |
---------------+----------------------+-----
Stealth        | 6 7 8 |  8.2
Short Blades   | 3 |  3.4
Throwing       | 3 4 |  4.7
Dodging        | 2 |  2.0
Fighting       | 3 |  3.0
Axes           | |  0.4

Action                   |  1- 3 |  4- 6 |  7- 9 || total
-------------------------+-------+-------+-------++-------
Melee: Dagger            |    22 |    60 |       ||    82
       Constrict         |     7 |    20 |     4 ||    31
       Tentacles         |     5 |    11 |     4 ||    20
       Hand axe          |       |    11 |    20 ||    31
Throw: Dart              |    29 |    49 |     8 ||    86
  Use: Scroll            |     3 |     4 |       ||     7
       Potion            |       |     2 |       ||     2
 Stab: Sleeping          |     1 |     7 |       ||     8
  Eat: Chunk             |       |    12 |     8 ||    20
Armor: Skin              |     1 |     3 |     1 ||     5
Dodge: Dodged            |     8 |    32 |     8 ||    48

Table legend:
 A = Non-vault XP
 B = Vault XP
 C = Vault XP percentage of total XP
 D = Non-vault monster count
 E = Vault monster count
 F = Vault count percentage of total count
                 A         B        C        D         E       F
            +---------+---------+-------+---------+---------+-------
      Total |     463 |     322 |  41.0 |      65 |       6 |   8.5
            +---------+---------+-------+---------+---------+-------
        D:1 |      12 |       2 |  14.3 |       7 |       1 |  12.5
        D:2 |      72 |      42 |  36.8 |      26 |       3 |  10.3
        D:3 |      57 |     242 |  80.9 |      13 |       1 |   7.1
        D:4 |     319 |       0 |   0.0 |      18 |       0 |   0.0
        D:5 |       3 |      36 |  92.3 |       1 |       1 |  50.0
            +---------+---------+-------+---------+---------+-------
